 Dungeon Crawl Stone Soup version 0.32-a0-39-g5c88369fb2 (console) character file.

Game seed: 3932826644792455573

24374 beef the Impaler (level 12, -3/100 HPs)
             Began as a Minotaur Fighter on Feb 5, 2024.
             Was a Follower of Ru.
             Slain by a death yak (8 damage)
             ... while petrified by a basilisk
             ... on level 3 of the Lair of Beasts.
             The game lasted 00:29:02 (13056 turns).

beef the Impaler (Minotaur Fighter)                Turns: 13056, Time: 00:29:03

Health: -3/100     AC: 30    Str: 26    XL:     12   Next: 80%
Magic:  11/11      EV:  2    Int:  5    God:    Ru [*.....]
Gold:   782        SH:  0    Dex: 10    Spells: 11/11 levels left

rFire   . . .        S - +5 war axe
rCold   . . .        D - +0 tower shield
rNeg    + + +        P - +1 plate armour
rPois   ∞            (helmet restricted)
rElec   .            O - +0 cloak
rCorr   .            (no gloves)
SInv    .            r - +2 pair of boots
Will    .....        J - amulet of the acrobat Stlth
                     d - +4 ring of protection
HPRegen 0.36/turn    H - +4 ring of protection
MPRegen 0.12/turn

%: acrobat
@: lethally poisoned (-3 -> -3), petrified
A: horns 2, no stealth, retaliatory headbutt, no forms
a: Renounce Religion


You were on level 3 of the Lair of Beasts.
You worshipped Ru.
Ru was aware of your devotion.
You visited 3 branches of the dungeon, and saw 16 of its levels.

You collected 782 gold pieces.

Inventory:

Hand Weapons
 a - a +0 spectral trident
 S - a +5 war axe (weapon)
Missiles
 h - 33 poisoned darts (quivered)
Armour
 c - a +0 buckler
 r - a +2 pair of boots (worn)
 D - a +0 tower shield (worn)
 O - a +0 cloak (worn)
 P - a +1 plate armour (worn)
Magical Staves
 A - a staff of fire
Jewellery
 b - a ring of ice
 d - a +4 ring of protection (left hand)
 q - a ring of fire
 F - a +6 ring of intelligence
 G - an amulet of faith
 H - a +4 ring of protection (right hand)
 J - an amulet of the acrobat (around neck)
 M - a ring of see invisible
 R - an amulet of magic regeneration
Wands
 l - a wand of roots (25)
 p - a wand of charming (10)
 v - a wand of flame (20)
 w - a wand of mindburst (17)
 y - a wand of digging (6)
 Q - a wand of polymorph (18)
Scrolls
 g - a scroll of revelation
 i - 6 scrolls of noise
 j - 3 scrolls of identify
 k - 6 scrolls of teleportation
 n - 4 scrolls of poison
 u - 2 scrolls of vulnerability
 I - a scroll of amnesia
 K - 2 scrolls of blinking
Potions
 e - 2 potions of magic
 f - 2 potions of resistance
 m - 3 potions of haste
 o - 2 potions of curing
 s - a potion of invisibility
 t - 5 potions of attraction
 x - a potion of cancellation
 z - 2 potions of mutation
 B - 2 potions of brilliance
 C - a potion of might
 E - a potion of lignification
 L - 2 potions of heal wounds


   Skills:
 - Level 7.3 Fighting
 * Level 10.2(14.0) Axes
 - Level 15.3(16.5) Polearms
 + Level 13.5 Armour
 + Level 12.1 Shields


You had 11 spell levels left.
You didn't know any spells.
Your spell library contained the following spells:

 Spells                   Type           Power      Damage    Failure   Level
 Sting                    Conj/Alch      0%         1d3       100%        1
 Blink                    Tloc           0%         N/A       100%        2
 Jinxbite                 Hex            0%         N/A       100%        2
 Lesser Beckoning         Tloc           0%         N/A       100%        2
 Mercury Vapours          Alch/Air       0%         N/A       100%        2
 Momentum Strike          Conj/Tloc      0%         3d8       100%        2
 Dazzling Flash           Conj/Hex       0%         N/A       100%        3
 Fugue of the Fallen      Necr           0%         N/A       100%        3
 Mephitic Cloud           Conj/Alch/Air  0%         N/A       100%        3
 Ozocubu's Armour         Ice            0%         N/A       100%        3
 Summon Ice Beast         Ice/Summ       0%         N/A       100%        3
 Tukima's Dance           Hex            0%         N/A       100%        3
 Volatile Blastmotes      Fire/Tloc      0%         2d10      100%        3
 Dimensional Bullseye     Hex/Tloc       0%         N/A       100%        4
 Iskenderun's Mystic Bla  Conj/Tloc      0%         2d3       100%        4
 Manifold Assault         Tloc           0%         N/A       100%        4
 Olgreb's Toxic Radiance  Alch           0%         N/A       100%        4
 Summon Lightning Spire   Summ/Air       0%         N/A       100%        4
 Curse of Agony           Necr           0%         N/A       100%        5
 Silence                  Hex/Air        0%         N/A       100%        5
 Yara's Violent Unravell  Hex/Alch       0%         3d3       100%        5
 Enfeeble                 Hex            0%         N/A       100%        7


Dungeon Overview and Level Annotations

Branches:
Dungeon (12/15)            Temple (1/1) D:4            Lair (3/5) D:11
  Swamp (0/4) Lair:2       Spider (0/4) Lair:2          Orc (0/2) D:10

Altars:
Ashenzari
Cheibriados
Dithmenos
Elyvilon
Fedhas
Gozag
Kikubaaqudgha
Makhleb
Nemelex Xobeh
Okawaru
Qazlal
Ru
Sif Muna
Trog
Uskayaw
Vehumet
Wu Jian
Xom
Yredelemnul
Zin
The Shining One

Annotations:
D:6 3 runed translucent doors, Fastnbulbous's ghost, novice DrSh; Gargoyl's ghost, novice GrBe; Luihuable's ghost, novice TrSh; ballabu's ghost, novice DsGl
Temple 2 transporters
Lair:2 2 transporters, Huqos's ghost, journeyman DECj


Innate Abilities, Weirdness & Mutations

You have a pair of horns on your head.
You cannot be stealthy.
You reflexively headbutt those who attack you in melee.
You cannot voluntarily change form.


Message History

The cane toad stings you but does no damage.
The death yak gores you!
The cane toad stings you but does no damage.
You turn to flesh and can move again.
You slash the cane toad!
You kill the cane toad!
You barely miss the death yak. You hit the death yak.
You feel sick. The death yak gores you. The death yak gores you!
Okay, then.
You barely miss the death yak. Your headbutt misses the death yak.
The death yak is lightly wounded.
You slash the death yak! You slash the basilisk!
You feel sick. The death yak barely misses you. The basilisk bites you.
You block the death yak's attack.
You hit the basilisk. Your headbutt misses the basilisk.
The basilisk is moderately wounded.
You slash the death yak! x2; You feel sick.
The death yak gores you!!
* * * LOW HITPOINT WARNING * * *
The death yak closely misses you. You furiously retaliate!
You headbutt the death yak! The basilisk gazes at you.
You are slowing down.
You slash the basilisk! Your headbutt misses the basilisk.
The basilisk is almost dead.
You slash the death yak! You barely miss the death yak.
You feel sick. The death yak gores you!
* * * LOW HITPOINT WARNING * * *
The death yak gores you but does no damage.
Your limbs are stiffening.
You slash the death yak!
The death yak is lightly wounded.
You hit the death yak. x2
The death yak gores you but does no damage. x2
The death yak gores you!
* * * LOW HITPOINT WARNING * * *
You block the death yak's attack. The death yak completely misses you.
You furiously retaliate!
You headbutt the death yak!
You have turned to stone.
The death yak snorts and paws the ground.
The death yak barely misses you.
The death yak gores you but does no damage. x2
The death yak gores you. The death yak gores you!
You die...

#......P#
#......###
#..^.....##
...........#
......#....##
.....###....#
..... ##...#
... #....### ..
##@†...#
#YYY..#..#
.YFl.......#
.....Y.....###
...##P###......
#. ## #......#
. ......#
.....#


You could see 4 death yaks, a yak, a cane toad and a basilisk.

Vanquished Creatures
  A hydra (Lair:3)
  A boulder beetle (D:12)
  5 two-headed ogres
  Urug (Lair:3)
  A bog body (Lair:2)
  A cyclops (D:11)
  Maurice (D:9)
  A manticore (D:11)
  5 elephants (Lair:2)
  2 black mambas
  5 cane toads
  A rime drake (D:11)
  2 komodo dragons
  2 polar bears
  A troll (D:10)
  9 blink frogs (Lair:2)
  Prince Ribbit (D:7)
  4 dream sheep (Lair:3)
  A shadow (D:10)
  A wyvern (D:7)
  A vampire (D:10)
  21 yaks
  Eustachio (D:5)
  A steam dragon (D:9)
  Edmund (D:5)
  7 water moccasins
  4 black bears
  2 sky beasts
  2 orc warriors (D:8)
  9 ice beasts
  6 ogres
  15 wolves
  A centaur (D:8)
  2 kobold brigands
  Blork the orc (D:5)
  9 bullfrogs
  3 scorpions
  4 gnoll sergeants
  2 howler monkeys
  An electric eel (D:11)
  4 hounds (D:5)
  A jelly (D:2)
  2 gnoll boudas
  5 orc priests
  A sleepcap (D:5)
  2 iguanas
  10 orc wizards
  26 gnolls
  6 adders
  A shadow imp (D:7)
  A white imp (D:6)
  4 ufetubi
  2 dart slugs
  A ribbon worm (D:4)
  17 orcs
  9 ball pythons
  5 bats
  18 endoplasms
  3 giant cockroaches
  7 goblins
  8 hobgoblins
  9 jackals
  22 kobolds
  2 quokkas (D:1)
  A frilled lizard (D:1)
  3 rats
309 creatures vanquished.

Vanquished Creatures (others)
  A yak (Lair:3)
  4 spectral weapons
5 creatures vanquished.

Grand Total: 314 creatures vanquished

Notes
Turn   | Place    | Note
-------+----------+-------------------------------------------
     0 | D:1      | beef the Minotaur Fighter began the quest for the Orb.
     0 | D:1      | Reached XP level 1. HP: 19/19 MP: 0/0
   198 | D:1      | Reached skill level 3 in Polearms
   221 | D:1      | Reached XP level 2. HP: 24/26 MP: 1/1
   302 | D:1      | Reached skill level 4 in Polearms
   582 | D:2      | Found a faded altar of an unknown god.
   597 | D:2      | Reached XP level 3. HP: 31/31 MP: 2/2
  1096 | D:2      | Found a shimmering blue altar of Sif Muna.
  1359 | D:2      | Found a snail-covered altar of Cheibriados.
  1359 | D:2      | Found an iron altar of Okawaru.
  1359 | D:2      | Found a stormy altar of Qazlal.
  1359 | D:2      | Found an ornate altar of the Wu Jian Council.
  1359 | D:2      | Found a glowing golden altar of the Shining One.
  1359 | D:2      | Found a white marble altar of Elyvilon.
  1372 | D:2      | Reached skill level 5 in Polearms
  1372 | D:2      | Reached XP level 4. HP: 12/39 MP: 3/3
  1746 | D:3      | Reached skill level 6 in Polearms
  1754 | D:3      | Found an opulent altar of Gozag.
  2030 | D:3      | Found a sparkling altar of Nemelex Xobeh.
  2260 | D:4      | Noticed an ogre
  2266 | D:4      | Killed an ogre
  2267 | D:4      | Reached skill level 7 in Polearms
  2267 | D:4      | Reached XP level 5. HP: 16/45 MP: 4/4
  2445 | D:4      | Reached XP level 6. HP: 22/51 MP: 5/5
  2449 | D:4      | HP: 2/51 [gnoll/+0 spear[a gnoll bouda] (3)]
  2671 | D:4      | Reached skill level 8 in Polearms
  2741 | D:4      | Found a staircase to the Ecumenical Temple.
  2901 | D:5      | Entered Level 5 of the Dungeon
  2925 | D:5      | Noticed Edmund
  2938 | D:5      | Killed Edmund
  2946 | D:5      | Reached skill level 9 in Polearms
  3005 | D:5      | Reached XP level 7. HP: 57/57 MP: 6/6
  3281 | D:5      | Reached skill level 10 in Polearms
  3312 | D:5      | Noticed Eustachio
  3368 | D:5      | Killed Eustachio
  3369 | D:5      | Reached skill level 11 in Polearms
  3593 | D:5      | Got Quroine's Meditations on Conflagration and the Retinue
  3617 | D:5      | Reached XP level 8. HP: 66/66 MP: 7/7
  3649 | D:5      | Noticed Blork the orc
  3657 | D:5      | Killed Blork the orc
  4194 | D:6      | Reached skill level 5 in Fighting
  4194 | D:6      | Reached skill level 5 in Armour
  4335 | D:6      | Reached skill level 12 in Polearms
  4379 | D:6      | Found a runed translucent gate.
  4379 | D:6      | Found a runed translucent gate.
  4379 | D:6      | Found a runed translucent gate.
  4380 | D:6      | Noticed ballabu's ghost (novice DsGl)
  4380 | D:6      | Noticed Fastnbulbous's ghost (novice DrSh)
  4387 | D:6      | Noticed Gargoyl's ghost (novice GrBe)
  4389 | D:6      | Noticed Luihuable's ghost (novice TrSh)
  4595 | D:6      | Found an ornate altar of the Wu Jian Council.
  4836 | D:7      | Reached XP level 9. HP: 41/78 MP: 8/8
  5039 | D:7      | Noticed Prince Ribbit
  5046 | D:7      | Killed Prince Ribbit
  5197 | D:7      | Found a white marble altar of Elyvilon.
  5358 | D:7      | Found a basalt altar of Yredelemnul.
  5662 | D:8      | Noticed a two-headed ogre
  5670 | D:8      | Killed a two-headed ogre
  5671 | D:8      | Reached skill level 13 in Polearms
  5671 | D:8      | Reached skill level 5 in Shields
  5824 | Temple   | Found a transporter.
  5824 | Temple   | Found a transporter.
  5824 | Temple   | Found a transporter.
  5824 | Temple   | Found a transporter.
  5824 | Temple   | Entered the Ecumenical Temple
  5841 | Temple   | Became a worshipper of Ru the Awakened
  6247 | D:8      | Reached XP level 10. HP: 54/86 MP: 9/9
  6539 | D:8      | Noticed a two-headed ogre
  6551 | D:8      | Killed a two-headed ogre
  6774 | D:8      | Found a shadowy altar of Dithmenos.
  7014 | D:9      | Noticed Maurice
  7021 | D:9      | Something stole an amulet of faith
  7034 | D:9      | Something stole 2 throwing nets
  7035 | D:9      | Something stole a +0 flail
  7036 | D:9      | Noticed a two-headed ogre
  7053 | D:9      | Something stole 19 poisoned darts
  7057 | D:9      | Killed a two-headed ogre
  7058 | D:9      | Reached skill level 14 in Polearms
  7067 | D:9      | Killed Maurice
  7332 | D:9      | Noticed a two-headed ogre
  7351 | D:9      | Reached skill level 10 in Armour
  7356 | D:9      | Killed a two-headed ogre
  7678 | D:9      | Found a shimmering blue altar of Sif Muna.
  7691 | D:9      | Gained mutation: You cannot be stealthy. [Ru sacrifice]
  8176 | D:10     | Entered Level 10 of the Dungeon
  8204 | D:10     | Found a staircase to the Orcish Mines.
  8342 | D:10     | Reached XP level 11. HP: 86/92 MP: 10/10
  8638 | D:11     | Noticed a two-headed ogre
  8646 | D:11     | Killed a two-headed ogre
  8989 | D:11     | Reached skill level 15 in Polearms
  8991 | D:11     | Found a staircase to the Lair.
  9198 | D:11     | Found a broken altar of Ashenzari.
  9528 | D:12     | Noticed a boulder beetle
  9551 | D:12     | Killed a boulder beetle
 10215 | Lair:1   | Entered Level 1 of the Lair of Beasts
 10236 | Lair:1   | Reached skill level 1 in Axes
 10368 | Lair:1   | Gained mutation: You cannot voluntarily change form. [Ru
                  | sacrifice]
 10368 | Lair:1   | Reached * piety under Ru
 10465 | Lair:1   | Reached skill level 10 in Shields
 10497 | Lair:1   | Reached skill level 5 in Axes
 11097 | Lair:1   | Reached XP level 12. HP: 82/100 MP: 11/11
 11395 | Lair:2   | Found a staircase to the Swamp.
 11649 | Lair:2   | Found a transporter.
 11652 | Lair:2   | Noticed Huqos's ghost (journeyman DECj)
 11670 | Lair:2   | Found a hole to the Spider Nest.
 12146 | Lair:2   | Found a transporter.
 12146 | Lair:2   | Noticed a boulder beetle
 12176 | Lair:2   | Identified the +1 robe of the Lost Artists {+Blink Str+8}
 12286 | Lair:2   | Noticed a catoblepas
 12665 | Lair:3   | Noticed Urug
 12683 | Lair:3   | Killed Urug
 12866 | Lair:3   | Noticed a six-headed hydra
 12875 | Lair:3   | Killed a six-headed hydra
 12876 | Lair:3   | Reached skill level 10 in Axes
 13037 | Lair:3   | Noticed a death yak
 13038 | Lair:3   | Noticed a death yak
 13038 | Lair:3   | Noticed a death yak
 13041 | Lair:3   | Noticed a death yak
 13054 | Lair:3   | HP: 4/100 [death yak (6)]
 13056 | Lair:3   | Slain by a death yak

Illustrated notes

Levels and vault maps discovered:
D:1:      dpeg_arrival_pits, layout_rooms, minmay_3d_cube
D:2:      cheibrodos_fertilizer, layout_basic, basic_altar,
          ebering_ecumenical_altar_abandoned
D:3:      layout_rooms, marbit_many_paths, grunt_gozag_statues, serial_glass,
          glass_columns_a, glass_columns_c, glass_columns_c, glass_columns_c,
          glass_columns_b, glass_columns_a, glass_columns_a, glass_columns_b,
          item_on_display_b, minmay_strange_pillars
D:4:      layout_rooms, minmay_temple_entry_statues
D:5:      layout_loops_corners, uniq_blork_the_orc, uniq_edmund, uniq_eustachio
D:6:      layout_cave_pools, kennysheep_mini_moat, gammafunk_ghost_cemetery
D:7:      layout_loops_ring, kennysheep_ying_yang, uniq_crazy_yiuf_cottage,
          uniq_prince_ribbit1
D:8:      layout_basic, grunt_dithmenos_smoke_and_mirrors
D:9:      layout_irregular_city, nicolae_overflow_crystal_walls, enter_bailey_2,
          uniq_maurice
D:10:     layout_roguey, mainiacjoe_overflow_big_doors, orc_0_dummy
D:11:     layout_basic, hellmonk_lair_entry_icy, kennysheep_cluttered_room,
          nicolae_ashenzari_skybound
D:12:     layout_loops_corners, serial_shops, kennysheep_little_box,
          uniq_nessos, uniq_lodul
Temple:   hellmonk_temple_divided_pantheon
Lair:1:   layout_cave_pods, grunt_megastairs_4
Lair:2:   layout_roguey, skrybe_swamp_entry_bodies, dummy_spider_entry,
          nzn_ghost_randoct
Lair:3:   layout_layer_cave, uniq_urug

Skill      XL: |  1  2  3  4  5  6  7  8  9 10 11 12 |
---------------+-------------------------------------+-----
Polearms       | 3 4 5 7 9 11 12 13 14 15 | 15.3
Fighting       | 6 7 |  7.3
Armour         | 6 8 10 12 13 | 13.5
Shields        | 5 8 10 12 | 12.1
Axes           | 5 10 | 10.2

Action                     |  1- 3 |  4- 6 |  7- 9 | 10-12 || total
---------------------------+-------+-------+-------+-------++-------
  Melee: Trident           |   104 |   140 |   241 |   243 ||   728
         Headbutt          |     7 |    11 |    37 |    83 ||   138
         War axe           |       |       |       |   246 ||   246
 Invoke: Sacrifice Stealth |       |       |       |     1 ||     1
         Sacrifice Forms   |       |       |       |     1 ||     1
    Use: Scroll            |       |    12 |     5 |     7 ||    24
         Potion            |       |     1 |       |     1 ||     2
   Stab: Distracted        |       |       |     2 |     5 ||     7
 Armour: Scale mail        |    46 |    64 |   104 |    78 ||   292
         Plate armour      |       |       |       |   279 ||   279
  Dodge: Dodged            |    29 |    37 |    46 |    85 ||   197
  Block: Buckler           |    23 |    22 |    32 |    16 ||    93
         Tower shield      |       |       |       |   315 ||   315

Table legend: (Time is in decaauts)
 A = Elapsed time spent in this place.
 B = Non-inter-level travel time spent in this place.
 C = Inter-level travel time spent in this place.
 D = Time resting spent in this place.
 E = Time spent auto-exploring this place.
 F = Levels seen in this place.
 G = Mean time per level.
                   A        B        C        D        E       F      G
               +--------+--------+--------+--------+--------+-----+--------+
         Total |  12955 |  12010 |    945 |    639 |   9481 |  16 |  809.7 |
       Dungeon |  10063 |   9193 |    870 |    423 |   7330 |  12 |  838.6 |
        Temple |     29 |     22 |      7 |      0 |      0 |   1 |   29.0 |
          Lair |   2862 |   2795 |     67 |    216 |   2151 |   3 |  954.0 |
               +--------+--------+--------+--------+--------+-----+--------+

Top non-repeatable levels by time:
     D:5: 1318 daAuts
     D:9: 1269 daAuts
    D:11: 1230 daAuts
  Lair:2: 1168 daAuts
  Lair:1: 1157 daAuts
     D:8: 1074 daAuts
     D:2: 1006 daAuts
     D:7: 867 daAuts
     D:4: 762 daAuts
     D:6: 721 daAuts
     D:3: 634 daAuts
     D:1: 565 daAuts
  Lair:3: 536 daAuts
    D:10: 473 daAuts
    D:12: 137 daAuts
